 Dungeon Crawl Stone Soup version 0.18-a0-965-g9200175 (webtiles) character file.

206 Ishamoridin the Grave Robber (level 5, -3/35 HPs)
             Began as a Demonspawn Necromancer on Jan 1, 2016.
             Was an Initiate of Yredelemnul.
             Slain by Crazy Yiuf
             ... wielding a +2 quarterstaff of chaos
              (14 damage)
             ... on level 3 of the Dungeon.
             The game lasted 00:44:11 (5832 turns).

Ishamoridin the Grave Robber (DsNe)                 Turns: 5832, Time: 00:44:11

Health: -3/35      AC:  8    Str: 13    XL:     5   Next: 53%
Magic:  10/10      EV: 12    Int: 23    God:    Yredelemnul [......]
Gold:   200        SH:  3    Dex: 13    Spells: 3 memorised, 7 levels left

rFire  . . .     SeeInvis .     R - +0 long sword
rCold  . . .     Gourm    .     u - +1 robe
rNeg   + . .     Faith    .     (no shield)
rPois  .         Spirit   .     (helmet restricted)
rElec  .         Dismiss  .     S - +0 cloak
rCorr  .         Reflect  .     (no gloves)
SustAt .         Harm     .     h - +0 pair of boots
MR     .....                    (no amulet)
Stlth  ++........               (no ring)
                                J - ring of positive energy

@: mighty, brilliant, slowed, very slow, not resistant to hostile enchantments,
unstealthy
A: horns 1, large bone plates 2, demonic guardian 1
a: Renounce Religion


You were on level 3 of the Dungeon.
You worshipped Yredelemnul.
Yredelemnul was noncommittal.
You were not hungry.

You visited 1 branch of the dungeon, and saw 3 of its levels.

You collected 200 gold pieces.

Inventory:

Hand Weapons
 b - a +0 mace
 c - a +0 spear
 g - a +0 dagger
 i - a +0 dagger
 k - a +0 dagger
 m - a +1 dagger of holy wrath
 r - a +0 dagger
 w - a +0 hunting sling
 x - a +0 dagger
 B - a +0 vampiric hand axe
 C - a +0 dagger
 M - a +0 dagger
 O - a +0 trident
 P - a +0 dagger
 Q - a cursed -2 mace
 R - a +0 long sword (weapon)
 W - a +0 hand axe
Missiles
 d - 70 stones (quivered)
 o - 33 arrows
 s - 18 poisoned needles
 t - 9 arrows of frost
 Z - 7 tomahawks
Armour
 a - a +0 robe
 e - a +0 chain mail of magic resistance
 h - a +0 pair of boots (worn)
 j - a +0 leather armour
 l - a +0 ring mail
 n - a +0 robe
 p - a +0 robe
 q - a +0 ring mail
 u - a +1 robe (worn)
 N - a +0 robe
 S - a +0 cloak (worn)
 T - a +0 leather armour
 U - a +0 ring mail
 Y - a +0 ring mail
Jewellery
 J - a ring of positive energy (left hand)
Wands
 V - a wand of random effects (15/48)
Scrolls
 A - a scroll of teleportation
 E - 2 scrolls of enchant armour
 H - a scroll of noise
Books
 K - a book of Dreams

   Spells                             Type                      Level
   a - Ensorcelled Hibernation        Hexes/Ice                    2
   b - Phase Shift                    Translocation                5
   c - Shadow Creatures               Summoning                    5
   d - Silence                        Hexes/Air                    5
   e - Darkness                       Hexes                        6
   f - Mass Confusion                 Hexes                        6
Comestibles
 z - 4 chunks of flesh
 I - 18 fruits


   Skills:
 + Level 0.2 Fighting
 + Level 0.6 Throwing
 + Level 0.1 Armour
 + Level 2.2 Dodging
 + Level 1.9 Stealth
 + Level 3.5 Spellcasting
 + Level 6.0 Necromancy


You had 7 spell levels left.
You knew the following spells:

 Your Spells              Type           Power        Failure   Level  Hunger
a - Pain                  Necr           ####         1%          1    None
b - Animate Skeleton      Necr           N/A          1%          1    None
c - Ensorcelled Hibernat  Hex/Ice        ###...       2%          2    #......


Dungeon Overview and Level Annotations

Branches:
Dungeon (3/15)

Altars:
Kikubaaqudgha
Ru
Yredelemnul
The Shining One

Annotations:
D:3 Crazy Yiuf


Innate Abilities, Weirdness & Mutations

You have a pair of small horns on your head.
You are mostly covered in large bone plates (AC +3, SH +3).
A weak demonic guardian rushes to your aid.


Message History

Casting: Pain
Confirm with . or Enter, or press ? or * to list all spells.
There is nothing here that can be animated!
Unknown command.
Casting: Animate Skeleton
Confirm with . or Enter, or press ? or * to list all spells.
Okay, then.
Okay, then.
You closely miss something. You headbutt something. Something hits you!
Something freezes you. Something hits you.
You feel your power leaking away.
Drink which item? (? for menu, Esc to quit)
You feel very mighty all of a sudden. Something hits you but does no damage.
Drink which item? (? for menu, Esc to quit)
You feel clever all of a sudden. Something hits you but does no damage.
Something hits you. Something burns you. Something hits you!
You die...
Your body rises from the dead as a mindless zombie.

..............Z...##.##
###....######.###.##..#
# #.#### ### #####.#
###.# #.# ....# #.##
###### ### ♣♣##..# ##.#
#)..#♣♣ ♣♣.....# ##..#
#.....♣♣♣♣.P....#
##...#
#...#♣..♣@.P...##
#....# ### ♣♣♣.♣....##
'....# ♣♣♣♣♣### #....#
##...#### #######
##.....# #.....#
##...## #.....# ##'##
#.....# #.# ##...##


There were no monsters in sight!

Vanquished Creatures
  An orc wizard (D:2)
  An adder (D:2)
  2 oozes (D:3)
  3 worms
  A giant gecko (D:2)
  4 orcs (D:3)
  9 bats
  5 giant cockroaches
  2 gnoll zombies (D:2)
  7 goblins
  10 hobgoblins
  3 jackals (D:1)
  3 quokkas
  6 giant newts
  10 kobolds
  3 rats
  5 plants (D:2)
75 creatures vanquished.

Vanquished Creatures (collateral kills)
  The ghost of Yawgmoth the Digger, an amateur GrEE (D:3)
  An adder (D:2)
  A goblin (D:1)
  A jackal (D:1)
  A giant newt (D:2)
  A rat (D:2)
6 creatures vanquished.

Grand Total: 81 creatures vanquished

Notes
Turn   | Place    | Note
--------------------------------------------------------------
     0 | D:1      | Ishamoridin the Demonspawn Necromancer began the quest for the Orb.
     0 | D:1      | Reached XP level 1. HP: 13/13 MP: 3/3
    14 | D:1      | Learned a level 1 spell: Animate Skeleton
  1525 | D:1      | Gained mutation: You are partially covered in large bone plates (AC +2, SH +2). [demonic ancestry]
  1525 | D:1      | Reached XP level 2. HP: 17/19 MP: 1/5
  2817 | D:1      | Reached skill level 5 in Necromancy
  2817 | D:1      | Gained mutation: You have a pair of small horns on your head. [demonic ancestry]
  2817 | D:1      | Reached XP level 3. HP: 15/24 MP: 0/6
  3503 | D:2      | Found a sacrificial altar of Ru.
  3515 | D:2      | Gained mutation: A weak demonic guardian rushes to your aid. [demonic ancestry]
  3515 | D:2      | Reached XP level 4. HP: 22/30 MP: 3/8
  3622 | D:2      | Learned a level 2 spell: Ensorcelled Hibernation
  3627 | D:2      | Learned a level 4 spell: Animate Dead
  3966 | D:2      | Found an ancient bone altar of Kikubaaqudgha.
  4245 | D:2      | Found a glowing golden altar of the Shining One.
  4612 | D:2      | Found a basalt altar of Yredelemnul.
  4624 | D:2      | Became a worshipper of Yredelemnul the Dark
  4886 | D:3      | Noticed Yawgmoth's ghost (amateur GrEE)
  4920 | D:3      | Killed Yawgmoth's ghost
  4920 | D:3      | Gained mutation: You are mostly covered in large bone plates (AC +3, SH +3). [demonic ancestry]
  4920 | D:3      | Reached XP level 5. HP: 12/35 MP: 8/10
  5109 | D:3      | Reached skill level 6 in Necromancy
  5814 | D:3      | Noticed Crazy Yiuf
  5832 | D:3      | Slain by Crazy Yiuf

Vault maps used:
D:1:      minmay_arrival_shattered_statue, serial_park_tiny_pond,
          hangedman_decor_clover_reticule
D:2:      old_standard_altar, nicolae_ru_great_annihilating_truth,
          tso_oasis_becter, lemuel_zombie_altar_yredelemnul,
          corexii_leaking_fountain, roderic_hopi_sauvastika, dk_vineyard_1
D:3:      uniq_crazy_yiuf_cottage

Action                   |  1- 3 |  4- 6 || total
-------------------------+-------+-------++-------
Melee: Spear             |    32 |   323 ||   355
       Long sword        |       |    18 ||    18
Throw: Stone             |     9 |    17 ||    26
 Cast: Pain              |    59 |    61 ||   120
       Animate Skeleton  |    17 |    11 ||    28
       Animate Dead      |       |     3 ||     3
       Ensorcelled Hiber |       |     1 ||     1
Evoke: Wand              |       |     3 ||     3
  Use: Scroll            |     2 |     4 ||     6
       Potion            |     3 |     6 ||     9
 Stab: Paralysed         |       |     1 ||     1
  Eat: Chunk             |     4 |     2 ||     6
       Bread ration      |     1 |     1 ||     2
       Fruit             |       |     4 ||     4
       Pizza             |       |     1 ||     1
